Map: Abyssal Reef LE

Players

Silky - Winner!

  • Race: Zerg Zerg
  • Spawn Location: 5:00

jheffe

  • Race: Terran Terran
  • Spawn Location: 11:00

Event: WCS Montreal 2017

VOD

Have the link to the VOD?

Description

Time

  • Played on: Sept. 8, 2017, 11:49 a.m.
  • Length: 3:33

All games in this series

Show
View Real Time Build Order
Export as new Build Order

Silky Zerg - Winner!

Build Orders: Hatch First 

Get SALT Encoding   

  12  0:00  Drone  
  13  0:12  Overlord  
  13  0:17  Drone  
  14  0:31  Drone x2  
  14  0:35  Drone  
  17  0:52  Hatchery  
  17  0:55  Drone  
  17  0:58  Drone  
  18  1:08  Extractor  
  17  1:13  Spawning Pool  
  17  1:16  Drone  
  17  1:19  Drone  
  18  1:27  Drone  
  19  1:38  Overlord  
  19  1:59  Queen  
  19  2:00  Zergling x4  
  23  2:04  Queen, Drone  
  23  2:08  Metabolic Boost  
  26  2:11  Drone  
  26  2:15  Drone  
  28  2:22  Drone  
  29  2:28  Spine Crawler  
  28  2:34  Overlord  
  28  2:38  Spine Crawler  
  26  2:53  Zergling x8  
  26  2:54  Zergling x2  
  31  3:01  Spine Crawler  
  30  3:06  Zergling x4  
  30  3:08  Zergling x4  
Show
View Real Time Build Order
Export as new Build Order

jheffe Terran 

Build Orders:  

Get SALT Encoding   

  12  0:00  SCV  
  13  0:16  Supply Depot  
  13  0:38  Barracks  
  13  0:46  Barracks  
  13  1:03  Barracks  
  13  1:08  SCV  
  14  1:20  SCV  
  14  1:25  Marine  
  16  1:33  Marine  
  16  1:38  Barracks  
  17  1:43  Marine  
  18  1:50  Marine  
  18  1:51  Marine  
  20  2:00  Supply Depot  
  20  2:04  Marine  
  21  2:10  Marine  
  21  2:14  Marine  
  23  2:22  Marine  
  24  2:27  Marine  
  24  2:29  Marine  
  26  2:46  Marine x3  
  29  2:55  Supply Depot  
  29  2:58  Marine  
  28  3:14  Bunker  
Tags
 
Add a new tag
Caveats
  • Supply blocks, unpowered buildings, or Contaminate may cause inaccurate times.
  • Supply counts are checked every 10 seconds.